 Dungeon Crawl Stone Soup version 0.23.2-1-ga50397a (webtiles) character file.

Game seed: 8851997157876167725

5975 goulibeur the Fighter (level 10, -1/91 HPs)
             Began as a Yellow Draconian Berserker on May 22, 2019.
             Was an Elder of Trog.
             Slain by a troll (6 damage)
             ... on level 9 of the Dungeon.
             The game lasted 00:29:39 (9671 turns).

goulibeur the Fighter (Yellow Draconian Berserker)  Turns: 9671, Time: 00:29:40

Health: -1/91      AC: 11    Str: 26    XL:     10   Next: 55%
Magic:  10/10      EV: 15    Int:  7    God:    Trog [****..]
Gold:   354        SH:  0    Dex: 14    Spells: 9/9 levels left

rFire    . . .     SeeInvis .   y - +0 flail (protect)
rCold    . . .     Gourm    .   (no shield)
rNeg     . . .     Faith    .   (armour unavailable)
rPois    +         Spirit   .   (helmet restricted)
rElec    +         Reflect  .   (no cloak)
rCorr    +         Harm     .   B - +0 pair of gloves "Wucoi" {rElec Str+6}
MR       .....                  (no boots)
Stlth    +.........             (no amulet)
HPRegen  0.25/turn              c - +3 ring of protection
MPRegen  0.12/turn              t - ring of poison resistance

@: berserk cooldown, starving, slowed, heavily drained, very slow
A: spit acid, unfitting armour, cold-blooded, acid resistance, AC +7
a: Breathe Acid, Berserk, Trog's Hand, Brothers in Arms, Renounce Religion


You were on level 9 of the Dungeon.
You worshipped Trog.
Trog was greatly pleased with you.
You were starving.

You visited 1 branch of the dungeon, and saw 9 of its levels.

You collected 354 gold pieces.

Inventory:

Hand Weapons
 a - a +1 mace
 w - a +0 flail
 y - a +0 flail of protection (weapon)
 C - the +6 Majin-Bo {vamp, Archmagi MP+6 Int+6}
   (You found it on level 6 of the Dungeon)

   It inflicts no extra harm, but heals its wielder when it wounds a living foe.
   It affects your intelligence (+6).
   It affects your magic capacity (+6).
Missiles
 E - 2 tomahawks (quivered)
Armour
 A - a +1 pair of gloves
 B - the +0 pair of gloves "Wucoi" (worn) {rElec Str+6}
   (You found it on level 5 of the Dungeon)

   It affects your strength (+6).
   It insulates you from electricity.
Jewellery
 c - a +3 ring of protection (left hand)
 j - a cursed amulet of inaccuracy
 t - a ring of poison resistance (right hand)
Wands
 s - a wand of paralysis (15)
 u - a wand of polymorph (7)
 v - a wand of acid (22)
 x - a wand of random effects (16)
 z - a wand of digging (14)
Scrolls
 d - 2 scrolls of enchant weapon
 h - 2 scrolls of magic mapping {unknown}
 i - 5 scrolls of fear {unknown}
 k - 3 scrolls of teleportation {unknown}
 l - 2 scrolls of remove curse
 m - a scroll of blinking {unknown}
 o - 2 scrolls of immolation {unknown}
 F - a scroll of identify
Potions
 e - a potion of heal wounds {unknown}
 f - 2 potions of flight {unknown}
 n - 4 potions of mutation
 p - 3 potions of haste
 q - 2 potions of degeneration {unknown}
 r - a potion of berserk rage {unknown}
 D - a potion of agility {unknown}
 G - a potion of curing {unknown}
Comestibles
 b - 17 rations


   Skills:
 + Level 9.4(7.4) Fighting
 + Level 8.6(6.6) Maces & Flails
 + Level 7.2(5.3) Throwing
 + Level 7.8(5.9) Dodging


You had 9 spell levels left.
You didn't know any spells.
Your spell library was empty.

Dungeon Overview and Level Annotations

Branches:
Dungeon (9/15)             Temple (0/1) D:5
   Lair: D:8-11         Orc: D:9-12

Altars:
Nemelex Xobeh
Qazlal
Sif Muna
Trog
Wu Jian
Xom
The Shining One


Innate Abilities, Weirdness & Mutations

You can spit globs of acid.
Your golden yellow scales are hard. (AC +7)
You cannot fit into any form of body armour.
You are cold-blooded and may be slowed by cold attacks.
You are resistant to acid. (rCorr)


Message History

The troll closely misses you. The troll barely misses you.
The sky beast flickers out of sight!
Deactivating autopickup; reactivate with Ctrl-A.
The troll bites you!
* * * LOW HITPOINT WARNING * * *
The troll misses you. The troll claws you.
* * * LOW HITPOINT WARNING * * *
As you read the scroll labeled DUJAFO ZUERGHI, it crumbles to dust.
It is a scroll of enchant weapon.
Really abort (and waste the scroll)? [Y]es or [N]o only, please.
Really abort (and waste the scroll)? [Y]es or [N]o only, please.
Really abort (and waste the scroll)?
Uppercase [Y]es or [N]o only, please.
Really abort (and waste the scroll)?
Your +0 mace glows red for a moment.
The troll bites you!
* * * LOW HITPOINT WARNING * * *
The troll claws you.
You die...

..# #.#Y.......# #. ..#
#.#.##.##### #. ..# #.≈....# #.
..###.zO#### #. ........# #.
......O.# #. #.###.Y## #. #.#
#..# #######################. #.#
#..# #Y.OrzT@.....<).....[...
#.###..###l#####################.
......Y.>).### ## ######>..l.(.#
#.#####.# ############## #.# #.#
#........(...# ###
#.#####.###.##########.# #..
#.........)..# #.# #.#
#######.###..# #.# #.#


You could see a two-headed ogre, a troll, an ice beast, a wight, a leopard gecko
and a quokka.

Vanquished Creatures
  2 two-headed ogres (D:8)
  Pikel (D:4)
  A manticore (D:8)
  2 hippogriffs
  A shadow (D:8)
  A wyvern (D:8)
  Eustachio (D:4)
  A water moccasin (D:9)
  2 orc warriors
  3 ice beasts
  2 black bears
  2 phantoms
  4 ogres
  4 centaurs
  A big kobold (D:8)
  2 bullfrogs
  A wyvern skeleton (D:7)
  2 scorpions
  5 wights
  A howler monkey (D:8)
  2 orc priests
  A bullfrog zombie (D:6)
  3 crimson imps
  6 hounds
  A jelly (D:9)
  4 orc wizards
  Jessica (D:2)
  2 iguanas (D:6)
  Ijyb (D:3)
  A worker ant (D:8)
  A hound skeleton (D:6)
  A worker ant zombie (D:6)
  8 gnolls
  2 howler monkey skeletons
  5 adders
  An ooze (D:3)
  2 adder skeletons
  4 leopard geckos
  34 orcs
  2 giant cockroaches
  7 goblins
  5 hobgoblins
  10 jackals
  4 quokkas
  A ball python (D:1)
  A ball python zombie (D:5)
  4 bats
  2 jackal skeletons
  5 kobolds
  A leopard gecko skeleton (D:8)
  4 rats
165 creatures vanquished.

Vanquished Creatures (others)
  Duvessa (D:4)
  A slave (D:4)
  Dowan (D:4)
  A centaur skeleton (D:4)
  A gnoll (D:4)
  A giant cockroach (D:4)
  A frilled lizard (D:4)
7 creatures vanquished.

Grand Total: 172 creatures vanquished

Notes
Turn   | Place    | Note
-------+----------+-------------------------------------------
     0 | D:1      | goulibeur the Draconian Berserker began the quest for the
                  | Orb.
     0 | D:1      | Reached XP level 1. HP: 19/19 MP: 1/1
   547 | D:1      | Reached XP level 2. HP: 26/26 MP: 2/2
   824 | D:2      | Noticed Jessica
   831 | D:2      | Killed Jessica
   831 | D:2      | Reached skill level 1 in Throwing
   831 | D:2      | Reached XP level 3. HP: 33/33 MP: 3/3
  1027 | D:2      | Found a bloodstained altar of Trog.
  1706 | D:3      | Reached ** piety under Trog
  1846 | D:3      | Reached XP level 4. HP: 34/40 MP: 4/4
  1899 | D:3      | Reached skill level 4 in Fighting
  2023 | D:3      | Reached XP level 5. HP: 44/46 MP: 5/5
  2425 | D:3      | Noticed Ijyb
  2440 | D:3      | Killed Ijyb
  2526 | D:3      | Found a sparkling altar of Nemelex Xobeh.
  2750 | D:4      | Noticed Eustachio
  2768 | D:4      | Killed Eustachio
  2768 | D:4      | Reached XP level 6. HP: 32/53 MP: 6/6
  2892 | D:4      | Noticed Pikel
  2892 | D:4      | Noticed a slave
  2938 | D:4      | Noticed a slave
  2939 | D:4      | Noticed Duvessa
  2939 | D:4      | Noticed a slave
  2939 | D:4      | Noticed Dowan
  2939 | D:4      | Noticed a slave
  2950 | D:4      | Paralysed by Pikel for 5 turns
  2956 | D:4      | Paralysed by Pikel for 4 turns
  2968 | D:4      | Killed Pikel
  2968 | D:4      | Reached skill level 5 in Fighting
  2968 | D:4      | Reached skill level 5 in Maces & Flails
  2968 | D:4      | Your scales start taking on a golden yellow colour.
  2968 | D:4      | Reached XP level 7. HP: 60/61 MP: 7/7
  2968 | D:4      | Gained mutation: You are resistant to acid. (rCorr) [Yellow
                  | Draconian growth]
  2978 | D:4      | Killed Duvessa
  2991 | D:4      | Killed Dowan
  3385 | D:4      | Reached skill level 5 in Dodging
  3893 | D:4      | Reached skill level 6 in Fighting
  3893 | D:4      | Reached XP level 8. HP: 64/70 MP: 8/8
  4591 | D:5      | Entered Level 5 of the Dungeon
  4635 | D:5      | Found a staircase to the Ecumenical Temple.
  5135 | D:5      | Found an ornate altar of the Wu Jian Council.
  5476 | D:5      | Found a glowing golden altar of the Shining One.
  5489 | D:5      | Reached *** piety under Trog
  5512 | D:5      | Got a pair of encrusted gloves
  5518 | D:5      | Identified the cursed +0 pair of gloves "Wucoi" {rElec
                  | Str+6} (You found it on level 5 of the Dungeon)
  5700 | D:6      | Found the +6 Majin-Bo {vamp, Archmagi MP+6 Int+6}
  5797 | D:6      | Reached skill level 7 in Fighting
  5809 | D:6      | Reached skill level 5 in Throwing
  5876 | D:6      | Reached XP level 9. HP: 79/79 MP: 9/9
  6460 | D:7      | Found a deep blue altar of Sif Muna.
  6971 | D:8      | Reached **** piety under Trog
  7309 | D:8      | Noticed a two-headed ogre
  7314 | D:8      | Killed a two-headed ogre
  7314 | D:8      | Reached skill level 8 in Fighting
  7530 | D:8      | Found a shimmering altar of Xom.
  7608 | D:8      | Noticed a two-headed ogre
  7616 | D:8      | Killed a two-headed ogre
  7616 | D:8      | Reached XP level 10. HP: 40/90 MP: 10/10
  8221 | D:8      | Noticed a manticore
  8235 | D:8      | Killed a manticore
  8235 | D:8      | Reached skill level 9 in Fighting
  9037 | D:9      | Found a stormy altar of Qazlal.
  9641 | D:9      | Noticed a two-headed ogre
  9671 | D:9      | Slain by a troll

Skill      XL: |  1  2  3  4  5  6  7  8  9 10 |
---------------+-------------------------------+-----
Throwing       | 1 2 3 4 5 6 7 |  7.2
Dodging        | 3 4 5 6 7 |  7.8
Fighting       | 4 5 6 7 8 9 |  9.4
Maces & Flails | 4 5 6 8 |  8.6

Action                   |  1- 3 |  4- 6 |  7- 9 | 10-12 || total
-------------------------+-------+-------+-------+-------++-------
Melee: Mace              |    76 |    61 |    82 |       ||   219
       Tailslap          |     9 |     7 |    61 |    32 ||   109
       Flail             |       |       |   288 |   134 ||   422
Invok: Berserk           |       |     3 |     7 |     4 ||    14
 Abil: Breathe Acid      |       |       |     1 |       ||     1
  Use: Scroll            |       |       |     7 |     1 ||     8
 Stab: Sleeping          |       |       |     1 |     2 ||     3
  Eat: Chunk             |     3 |     3 |    18 |     5 ||    29
       Ration            |       |     1 |     1 |     1 ||     3
Armor: Skin              |    20 |    11 |   108 |    57 ||   196
Dodge: Dodged            |    58 |    44 |   293 |   117 ||   512
